 Dungeon Crawl Stone Soup version 0.16-a0-3280-g3a29b53 (webtiles) character file.

120387 Ololoev the Martial Artist (level 16, -21/128 HPs)
             Began as an Octopode Transmuter on Dec 23, 2014.
             Was the Champion of Cheibriados.
             Killed from afar by Nikola (33 damage)
             ... with a chain lightning
             ... on level 1 of the Swamp on Dec 24, 2014.
             The game lasted 02:57:51 (29955 turns).

Ololoev the Martial Artist (Octopode Transmuter)   Turns: 29955, Time: 02:57:52

Health: -21/128    AC: 10    Str: 27    XL:     16   Next: 82%
Magic:  31/32      EV: 25    Int: 39    God:    Cheibriados [******]
Gold:   2687       SH:  0    Dex: 33    Spells: 9 memorised, 0 levels left

rFire  . . .     SeeInvis +     I - melded +6 morningstar "Lemyntet" {crush, rElec rPois rC++ Int+1 SInv}
rCold  + + +     Clarity  .     (shield currently unavailable)
rNeg   . . .     SustAb   .     G - melded +0 hat {rC+}
rPois  +         Gourm    .     (no amulet)
rElec  .         Spirit   .     n - ring of protection from cold
rCorr  .         Warding  .     E - ring of protection from fire
rMut   .         Stasis   .     z - ring of teleport control
MR     +....                    o - ring of see invisible
Stlth  +++++.....               u - +5 ring of intelligence
                                (no ring)
                                (no ring)
                                (no ring)

@: agile, ice-form, very slow, somewhat resistant to hostile enchantments, quite
stealthy
A: almost no armour, amphibious, 8 rings, (constrict 8), (camouflage 0),
regeneration 2, (gelatinous body 0), no device heal 1
a: End Transformation, Bend Time, Temporal Distortion, Slouch, Step From Time,
Renounce Religion, Evoke Teleport Control


You were on level 1 of the Swamp.
You worshipped Cheibriados.
Cheibriados was exalted by your worship.
You were not hungry.
You were a creature of crystalline ice.
You visited 4 branches of the dungeon, and saw 28 of its levels.
You also visited: Ossuary, Bailey, Ice Cave and Volcano.

You collected 3044 gold pieces.
You spent 357 gold pieces at shops.

Notes
Turn   | Place    | Note
--------------------------------------------------------------
     0 | D:1      | Ololoev, the Octopode Transmuter, began the quest for the Orb.
     0 | D:1      | Reached XP level 1. HP: 13/13 MP: 3/3
   227 | D:1      | Reached XP level 2. HP: 13/18 MP: 4/4
   444 | D:1      | Gained mutation: Potions and wands are less effective at restoring your health. [potion of mutation]
   444 | D:1      | Gained mutation: You are weak. (Str -2) [potion of mutation]
   444 | D:1      | Gained mutation: Your natural rate of healing is unusually fast. [potion of mutation]
   878 | D:1      | Reached XP level 3. HP: 23/23 MP: 6/6
   883 | D:1      | Learned a level 3 spell: Spider Form
  1304 | D:2      | Found a radiant altar of Vehumet.
  1530 | D:2      | Reached XP level 4. HP: 26/28 MP: 7/7
  1642 | D:2      | Reached skill level 4 in Transmutations
  1808 | D:2      | Found a glowing golden altar of the Shining One.
  1808 | D:2      | Found an ancient bone altar of Kikubaaqudgha.
  1943 | D:3      | Reached XP level 5. HP: 33/33 MP: 9/9
  2672 | D:4      | Noticed Eustachio
  2691 | D:4      | Killed Eustachio
  2691 | D:4      | Reached skill level 5 in Transmutations
  2691 | D:4      | Reached XP level 6. HP: 36/38 MP: 7/10
  2866 | D:4      | Found a sparkling altar of Nemelex Xobeh.
  2917 | D:4      | Found a white marble altar of Elyvilon.
  3013 | D:4      | Reached skill level 6 in Transmutations
  3069 | D:4      | Reached XP level 7. HP: 43/43 MP: 8/12
  3085 | D:4      | Noticed Crazy Yiuf
  3095 | D:4      | Killed Crazy Yiuf
  3179 | D:4      | Noticed Edmund
  3187 | D:4      | Noticed MrRokkomies' ghost (average DrCj)
  3203 | D:4      | Killed Edmund
  3203 | D:4      | Reached skill level 5 in Unarmed Combat
  3695 | D:4      | Found a snail-covered altar of Cheibriados.
  3698 | D:4      | Became a worshipper of Cheibriados the Contemplative
  3739 | D:4      | Reached skill level 7 in Transmutations
  4013 | D:5      | Entered Level 5 of the Dungeon
  4340 | D:5      | Reached skill level 1 in Invocations
  4340 | D:5      | Reached XP level 8. HP: 33/48 MP: 10/13
  4627 | D:5      | Found a bloodstained altar of Trog.
  4677 | D:5      | Learned a level 5 spell: Blade Hands
  5119 | D:5      | Reached skill level 8 in Transmutations
  5192 | D:5      | Noticed Pikel
  5207 | D:5      | Killed Pikel
  5274 | D:5      | Found a basalt altar of Yredelemnul.
  5292 | D:5      | Reached skill level 9 in Transmutations
  5292 | D:5      | Reached XP level 9. HP: 40/53 MP: 9/15
  5455 | D:6      | Found a staircase to the Ecumenical Temple.
  5766 | D:6      | Found a runed door.
  5771 | D:6      | Found a basalt altar of Yredelemnul.
  5824 | D:6      | Found a shattered altar of Ashenzari.
  6005 | D:6      | Found a blossoming altar of Fedhas.
  6200 | D:7      | Learned a level 3 spell: Conjure Flame
  6279 | D:7      | Found a sand-covered staircase.
  6287 | Ossuary  | Entered an ossuary
  6363 | Ossuary  | Acquired Cheibriados' first power
  6443 | Ossuary  | Reached skill level 5 in Invocations
  7085 | D:7      | Acquired Cheibriados' second power
  7324 | D:7      | Found an iron altar of Okawaru.
  7714 | D:8      | Reached XP level 10. HP: 58/58 MP: 20/20
  7790 | D:8      | Acquired Cheibriados' third power
  7849 | D:8      | Reached skill level 1 in Conjurations
  7849 | D:8      | Reached skill level 1 in Fire Magic
  8132 | D:8      | Found a staircase to the Lair.
  8192 | D:8      | Learned a level 1 spell: Apportation
  8374 | D:9      | Found Melohufu's Distillery.
  8391 | D:9      | Bought a potion of heal wounds for 65 gold pieces
  8391 | D:9      | Bought a potion of brilliance for 52 gold pieces
  8391 | D:9      | Bought a potion of poison for 13 gold pieces
  8391 | D:9      | Bought a potion of flight for 39 gold pieces
  8391 | D:9      | Bought a potion of agility for 52 gold pieces
  8391 | D:9      | Bought a potion of invisibility for 104 gold pieces
  8391 | D:9      | Bought a potion of mutation for 32 gold pieces
  8391 | D:9      | Gained mutation: You possess an exceptional clarity of mind. [potion of mutation]
  8391 | D:9      | Gained mutation: You heal very quickly. [potion of mutation]
  8391 | D:9      | Gained mutation: You regenerate. [potion of mutation]
  8397 | D:9      | Learned a level 1 spell: Summon Butterflies
  8407 | D:9      | Noticed Uberwunderbarhen's ghost (experienced SpEn)
  8458 | D:9      | Killed Uberwunderbarhen's ghost
  8458 | D:9      | Reached skill level 10 in Unarmed Combat
  8773 | D:9      | Gained mutation: You are partially covered in thin metallic scales (AC +2). [mutagenic meat]
  8774 | D:9      | Gained mutation: You are clumsy. (Dex -2) [mutagenic meat]
  8775 | D:9      | Lost mutation: You are weak. (Str -2) [mutagenic meat]
  8798 | D:9      | Reached skill level 1 in Evocations
  9123 | D:9      | Found a shimmering altar of Xom.
  9125 | D:9      | Found a burning altar of Makhleb.
  9258 | D:10     | Entered Level 10 of the Dungeon
  9423 | D:10     | Found Ruizxumomp's Food Boutique.
  9508 | D:10     | Reached XP level 11. HP: 46/63 MP: 14/22
  9509 | D:10     | Reached skill level 11 in Unarmed Combat
  9514 | D:10     | Found a staircase to the Orcish Mines.
  9556 | D:10     | Reached skill level 5 in Evocations
  9692 | D:10     | Killed an unseen horror
  9813 | D:10     | Noticed a hill giant
  9821 | D:10     | Killed a hill giant
  9989 | D:10     | Lost mutation: You regenerate. [mutagenic meat]
 10298 | D:11     | Found a flagged portal.
 10313 | Bailey   | Entered a bailey
 10321 | Bailey   | Noticed an orc knight
 10325 | Bailey   | Noticed an orc knight
 10584 | Bailey   | Killed an orc knight
 10686 | Bailey   | Killed an orc knight
 10841 | D:11     | Upgraded the game from 0.16-a0-3253-g5709529 to 0.16-a0-3280-g3a29b53
 10850 | D:11     | Noticed a hill giant
 10859 | D:11     | Killed a hill giant
 11160 | D:11     | Gained mutation: You are mostly covered in thin metallic scales (AC +3). [potion of beneficial mutation]
 11306 | D:11     | Noticed a deep elf summoner
 11316 | D:11     | Killed a deep elf summoner
 11422 | D:11     | Noticed a deep elf conjurer
 11424 | D:11     | Killed a deep elf conjurer
 11437 | D:11     | Reached XP level 12. HP: 65/74 MP: 20/23
 11526 | D:11     | Noticed a hill giant
 11531 | D:11     | Killed a hill giant
 11531 | D:11     | Reached skill level 5 in Dodging
 11531 | D:11     | Reached skill level 12 in Unarmed Combat
 11633 | Orc:1    | Entered Level 1 of the Orcish Mines
 11879 | Orc:2    | Noticed Erolcha
 11884 | Orc:2    | Killed Erolcha
 12066 | Orc:3    | Found a staircase to the Elven Halls.
 12424 | Orc:3    | Noticed an orc warlord
 12447 | Orc:3    | Reached skill level 5 in Fighting
 12454 | Orc:3    | Killed an orc warlord
 12550 | Orc:3    | Found a roughly hewn altar of Beogh.
 12554 | Orc:3    | Noticed an orc high priest
 12622 | Orc:3    | Killed an orc high priest
 13391 | Orc:1    | Found a roughly hewn altar of Beogh.
 13559 | Orc:4    | Entered Level 4 of the Orcish Mines
 13559 | Orc:4    | Found Plecoz's Antique Armour Emporium.
 13564 | Orc:4    | Reached XP level 13. HP: 84/86 MP: 9/25
 13565 | Orc:4    | Noticed an ogre mage
 13580 | Orc:4    | Killed an ogre mage
 13784 | Orc:4    | Reached skill level 10 in Evocations
 13785 | Orc:4    | Noticed an ogre mage
 13802 | Orc:4    | Killed an ogre mage
 13924 | Orc:4    | Found Qaaz's General Store.
 14017 | Orc:4    | Found Khoacw's Antique Weapon Boutique.
 14048 | Orc:4    | Found Prumnyuw's Armour Shoppe.
 14206 | Orc:4    | Noticed Chiseanne's ghost (powerful DsNe)
 14218 | Orc:4    | Killed Chiseanne's ghost
 14888 | D:11     | Learned a level 4 spell: Ice Form
 15212 | D:12     | Gained mutation: Your spells are a little harder to cast, but a little more powerful. [potion of beneficial mutation]
 15287 | D:12     | Gained mutation: You are robust (+10% HP). [potion of beneficial mutation]
 15515 | D:12     | Reached skill level 1 in Ice Magic
 15950 | D:13     | Noticed Sonja
 15950 | D:13     | Killed Sonja
 16011 | D:13     | Found a bloodstained altar of Trog.
 16698 | D:14     | Noticed an ettin
 16792 | D:14     | Got a pair of jewelled gloves
 16793 | D:14     | Identified the +2 pair of gloves of the Gate {+Blink rC+ MR++ Dex+3} (You found it on level 14 of the Dungeon)
 16816 | D:14     | Reached XP level 14. HP: 99/104 MP: 16/27
 16911 | D:14     | Noticed a vault guard
 17103 | D:14     | Learned a level 4 spell: Throw Icicle
 17127 | D:14     | Reached skill level 5 in Spellcasting
 17127 | D:14     | Reached skill level 5 in Ice Magic
 17459 | D:14     | Noticed a vault guard
 17505 | D:14     | Killed a vault guard
 17638 | D:14     | Noticed a vault guard
 17644 | D:14     | Killed a vault guard
 17774 | D:14     | Killed a vault guard
 17793 | D:14     | Found a gate to the Vaults.
 17812 | D:14     | Noticed a vault guard
 17819 | D:14     | Killed a vault guard
 17819 | D:14     | Reached skill level 5 in Conjurations
 18125 | D:15     | Entered Level 15 of the Dungeon
 18176 | D:15     | Found a staircase to the Depths.
 18176 | D:15     | Noticed a fire giant
 18390 | D:15     | Lost mutation: You possess an exceptional clarity of mind. [mutagenic meat]
 18391 | D:15     | Lost mutation: You are clumsy. (Dex -2) [mutagenic meat]
 18393 | D:15     | Gained mutation: You are very robust (+20% HP). [mutagenic meat]
 18394 | D:15     | Lost mutation: You are mostly covered in thin metallic scales (AC +3). [mutagenic meat]
 18395 | D:15     | Lost mutation: You are partially covered in thin metallic scales (AC +2). [mutagenic meat]
 18396 | D:15     | Gained mutation: Scrolls take you a little longer to read. [mutagenic meat]
 18824 | D:15     | Killed a fire giant
 19561 | D:11     | Gained mutation: You occasionally shout uncontrollably at your foes. [mutagenic meat]
 19563 | D:11     | Gained mutation: You are partially covered in large bone plates (AC +2, SH +2). [mutagenic meat]
 19689 | Lair:1   | Entered Level 1 of the Lair of Beasts
 19757 | Lair:1   | Found a frozen archway.
 19786 | IceCv    | Entered an ice cave
 20122 | IceCv    | Reached XP level 15. HP: 81/120 MP: 29/29
 20126 | IceCv    | Found an ancient bone altar of Kikubaaqudgha.
 20509 | Lair:1   | Learned a level 3 spell: Ozocubu's Armour
 21981 | Lair:2   | Got a jewelled scale mail
 21984 | Lair:2   | Identified the +1 scale mail "Esercha" {Int+3 Dex-2} (You found it on level 2 of the Lair of Beasts)
 23465 | Lair:3   | Gained mutation: Your body is slowly deteriorating. [potion of mutation]
 23465 | Lair:3   | Lost mutation: Your body is slowly deteriorating. [potion of mutation]
 23465 | Lair:3   | Lost mutation: Scrolls take you a little longer to read. [potion of mutation]
 23915 | Lair:4   | Found a shimmering altar of Xom.
 23986 | Lair:4   | Learned a level 6 spell: Freezing Cloud
 24046 | Lair:4   | Found a staircase to the Swamp.
 24161 | Lair:4   | Noticed muravey's ghost (powerful TeAE)
 24297 | Lair:4   | Got a polished morningstar
 24298 | Lair:4   | Identified the +6 morningstar "Lemyntet" {crush, rElec rPois rC++ Int+1 SInv} (You found it on level 4 of the Lair of Beasts)
 24964 | Lair:5   | Noticed Erica
 24966 | Lair:5   | Found a dark tunnel.
 24969 | Lair:5   | Killed Erica
 24969 | Lair:5   | Reached skill level 1 in Air Magic
 24987 | Volcano  | Entered a volcano
 25560 | Lair:5   | Found a hole to the Spider Nest.
 26044 | Lair:6   | Reached skill level 10 in Ice Magic
 26081 | Lair:6   | Got a crude quarterstaff
 26082 | Lair:6   | Identified the -2 quarterstaff of the Onslaught {vamp, MR+} (You found it on level 6 of the Lair of Beasts)
 26313 | Lair:6   | Reached skill level 10 in Conjurations
 27063 | Lair:7   | Reached XP level 16. HP: 128/128 MP: 29/32
 28255 | Lair:8   | Entered Level 8 of the Lair of Beasts
 28431 | Lair:8   | Found a staircase to the Slime Pits.
 28559 | Lair:8   | Lost mutation: You occasionally shout uncontrollably at your foes. [potion of cure mutation]
 28559 | Lair:8   | Lost mutation: You are very robust (+20% HP). [potion of cure mutation]
 28559 | Lair:8   | Lost mutation: You are robust (+10% HP). [potion of cure mutation]
 28559 | Lair:8   | Lost mutation: Your spells are a little harder to cast, but a little more powerful. [potion of cure mutation]
 28559 | Lair:8   | Lost mutation: You are partially covered in large bone plates (AC +2, SH +2). [potion of cure mutation]
 28959 | Lair:8   | Learned a level 6 spell: Ozocubu's Refrigeration
 29072 | Lair:8   | Learned a level 6 spell: Simulacrum
 29139 | Lair:8   | Reached skill level 1 in Necromancy
 29741 | Lair:4   | Killed muravey's ghost
 29776 | Swamp:1  | Entered Level 1 of the Swamp
 29942 | Swamp:1  | Noticed Nikola
 29955 | Swamp:1  | Killed from afar by Nikola

Inventory:

Hand weapons
 I - the +6 morningstar "Lemyntet" (melded) {crush, rElec rPois rC++ Int+1 SInv}
   (You found it on level 4 of the Lair of Beasts)

   It inflicts extra damage upon your enemies.
   It affects your intelligence (+1).
   It greatly protects you from cold.
   It insulates you from electricity.
   It protects you from poison.
   It enhances your eyesight.
Armour
 G - a +0 hat of cold resistance (melded)
Jewellery
 b - an uncursed amulet of stasis
 n - a ring of protection from cold (left front paw)
 o - a ring of see invisible (on tentacle)
 u - a +5 ring of intelligence (on tentacle)
 z - a ring of teleport control (on tentacle)
 E - a ring of protection from fire (right front paw)
Magical devices
 j - a wand of cold (10)
 k - a wand of cold (4)
 t - a wand of magic darts (31)
 v - a wand of fireball (4)
 w - a wand of confusion (7)
 x - a wand of cold (1)
 H - a wand of disintegration (2)
Scrolls
 e - 11 scrolls of teleportation
 g - a scroll of blinking
 l - 2 scrolls of amnesia
 m - 8 scrolls of remove curse
 p - 4 scrolls of immolation
 y - 3 scrolls of fear
 L - a scroll of fog
 N - a scroll of magic mapping
 P - a scroll of identify
Potions
 c - 2 potions of cure mutation
 f - 6 potions of curing
 i - 3 potions of flight
 r - 2 potions of cancellation
 s - 4 potions of restore abilities
 C - 2 potions of brilliance
 D - 2 potions of invisibility
 M - a potion of magic {unknown}
Books
 B - a book of Frost

   Spells                             Type                      Level
   a - Freeze                         Ice                          1
   b - Throw Frost                    Conjuration/Ice              2
   c - Ozocubu's Armour               Charms/Ice                   3
   d - Throw Icicle                   Conjuration/Ice              4
   e - Summon Ice Beast               Ice/Summoning                4
   f - Condensation Shield            Ice                          4
 F - a book of Ice

   Spells                             Type                      Level
   a - Ice Form                       Ice/Transmutation            4
   b - Metabolic Englaciation         Hexes/Ice                    5
   c - Ozocubu's Refrigeration        Ice                          6
   d - Bolt of Cold                   Conjuration/Ice              6
   e - Freezing Cloud                 Conjuration/Ice/Air          6
   f - Simulacrum                     Ice/Necromancy               6
Comestibles
 a - 20 bread rations
 q - 9 meat rations
 A - 7 slices of pizza
 J - 26 fruits
 K - 4 chunks of flesh
 O - a beef jerky

Table legend:
 A = Turns spent in this place as a percentage of turns spent in the entire game.
 B = Non-inter-level travel turns spent in this place as a percentage of non-inter-level travel turns spent in the entire game.
 C = Inter-level travel turns spent in this place as a percentage of turns spent in this place.
 D = Turns resting spent in this place as a percentage of non-inter-level travel turns spent in this place.
 E = Turns spent auto-exploring this place as a percentage of non-inter-level travel turns spent in this place.
 F = Non-inter-level travel turns spent in this place divided by the number of levels of this place that you've seen.
                   A       B       C       D       E      F
               +-------+-------+-------+-------+-------+----------------------
         Total | 100.0 | 100.0 |   0.6 |   6.4 |   9.3 | 306.1
       Dungeon |  50.6 |  50.6 |   0.7 |   7.8 |   9.9 | 330.1
          Lair |  27.8 |  27.8 |   0.5 |   4.1 |   9.3 | 340.8
         Swamp |   1.0 |   1.0 |   0.0 |   3.0 |   8.0 | 100.0
  Orcish Mines |  12.0 |  12.0 |   0.8 |   5.4 |  12.5 | 293.0
       Ossuary |   2.0 |   2.0 |   0.0 |   7.5 |   0.5 | 200.0
        Bailey |   2.2 |   2.2 |   0.0 |   6.0 |   3.3 | 215.0
      Ice Cave |   3.2 |   3.3 |   0.0 |   9.1 |   2.2 | 319.0
       Volcano |   1.1 |   1.1 |   0.0 |   5.4 |   0.0 | 111.0
               +-------+-------+-------+-------+-------+----------------------


   Skills:
 - Level 8.8 Fighting
 - Level 8.7 Dodging
 - Level 4.7 Stealth
 - Level 12.8 Unarmed Combat
 - Level 9.2 Spellcasting
 + Level 11.4 Conjurations
 * Level 3.2 Necromancy
 - Level 9.1 Transmutations
 - Level 2.0 Fire Magic
 + Level 11.8 Ice Magic
 - Level 4.4 Air Magic
 - Level 7.3 Invocations
 - Level 10.3 Evocations


You couldn't memorise any spells.
You knew the following spells:

 Your Spells              Type           Power        Failure   Level  Hunger
a - Freezing Cloud        Conj/Ice/Air   ######....   10%         6    ####...
b - Simulacrum            Ice/Necr       ######....   17%         6    ####...
c - Blade Hands           Trmt           ######....   1%          5    ##.....
d - Conjure Flame         Conj/Fire      ######..     1%          3    None
e - Apportation           Tloc           ###.......   1%          1    None
f - Summon Butterflies    Summ           ###.....     1%          1    None
g - Ice Form              Ice/Trmt       #######.     1%          4    None
h - Throw Icicle          Conj/Ice       #######.     1%          4    None
i - Ozocubu's Armour      Chrm/Ice       ######..     1%          3    None


Dungeon Overview and Level Annotations

Branches:
Dungeon (15/15)            Temple (0/1) D:6            Lair (8/8) D:8
  Swamp (1/5) Lair:4       Spider (0/5) Lair:5        Slime (0/6) Lair:8
    Orc (4/4) D:10            Elf (0/3) Orc:3        Vaults (0/5) D:14
 Depths (0/5) D:15

Altars:
Ashenzari
Cheibriados
Elyvilon
Fedhas
Kikubaaqudgha
Makhleb
Nemelex Xobeh
Okawaru
Trog
Vehumet
Xom
Yredelemnul
The Shining One
Beogh

Shops:
D:9 !   D:10 %   Orc:4 *([[

Annotations:
D:4 MrRokkomies' ghost, average DrCj
D:6 runed door
Swamp:1 Nikola


Innate Abilities, Weirdness & Mutations

You cannot wear most types of armour.
You are amphibious.
You can wear up to eight rings at the same time.
((You can use your tentacles to constrict many enemies at once.))
((Your skin changes colour to match your surroundings (Stealth).))
((Your rubbery body absorbs attacks (AC +1).))
You heal very quickly.
Potions and wands are less effective at restoring your health.


Message History

Nikola is heavily wounded.
The eight-headed hydra closely misses you.
The eight-headed hydra misses you.
The eight-headed hydra closely misses you.
The eight-headed hydra misses you.
The eight-headed hydra barely misses you.
The eight-headed hydra bites you.
The eight-headed hydra completely misses you.
The eight-headed hydra bites you.
You punch Nikola! You freeze Nikola.
Nikola is severely wounded.
The crocodile closely misses you.
Nikola mumbles some strange words.
Nikola blinks!
You pummel the eight-headed hydra!! You freeze the eight-headed hydra.
The eight-headed hydra seems to slow down.
The eight-headed hydra is heavily wounded.
The crocodile closely misses you.
Nikola mumbles some strange words.
You hear a mighty clap of thunder!
The lightning arc hits the swamp worm.
The lightning arc hits the crocodile.
The lightning arc hits Nikola.
The lightning arc hits the swamp worm.
The swamp worm dies!
The eight-headed hydra misses you. x2
The eight-headed hydra bites you! The eight-headed hydra misses you.
The eight-headed hydra closely misses you.
The eight-headed hydra completely misses you. x2
The eight-headed hydra barely misses you.
The crocodile completely misses you.
You punch the eight-headed hydra! You freeze the eight-headed hydra.
The eight-headed hydra is heavily wounded.
Nikola casts a spell.
You hear a mighty clap of thunder!
The lightning arc hits the swamp worm.
The swamp worm dies!
You hear a splash.
The lightning arc hits Nikola.
The lightning arc hits the crocodile.
The crocodile dies!
The lightning arc hits you! x2
You die...

♣....≈≈..≈≈≈†.#....#
.....≈≈..§≈≈..#....#
≈≈.≈..♣♣.≈≈≈..#....÷
§≈...♣♣≈.≈≈≈..#####
.§..≈♣≈.≈≈≈≈.....
......≈%....≈....$
......≈...^.>.(...
...≈.♣§..D..@.≈≈.
≈....♣♣tY..≈.†≈≈≈
.♣♣♣ ♣♣♣♣≈...≈≈≈
§....≈ ..≈≈.. ≈..≈..
♣♣ ♣


You could see Nikola, an eight-headed hydra and a crocodile.

Table legend:
 A = Kills in this place as a percentage of kills in entire the game.
 B = Kills by you in this place as a percentage of kills by you in the entire game.
 C = Kills by friends in this place as a percentage of kills by friends in the entire game.
 D = Other kills in this place as a percentage of other kills in the entire game.
 E = Experience gained in this place as a percentage of experience gained in the entire game.
 F = Experience gained in this place divided by the number of levels of this place that you have seen.
                   A       B       C       D       E      F
               +-------+-------+-------+-------+-------+----------------------
         Total | 100.0 | 100.0 | 100.0 | 100.0 | 100.0 | 5374.4
       Dungeon |  41.9 |  42.6 |   4.8 |   0.0 |  32.9 | 3769.7
          Lair |  30.1 |  30.3 |  19.0 |   0.0 |  46.8 | 10056.1
         Swamp |   0.8 |   0.8 |   0.0 |   0.0 |   2.1 | 3532.0
  Orcish Mines |  19.1 |  18.1 |  71.4 | 100.0 |  13.0 | 5590.0
       Ossuary |   1.1 |   1.1 |   0.0 |   0.0 |   0.4 | 617.0
        Bailey |   2.2 |   2.1 |   4.8 |   0.0 |   0.9 | 1585.0
      Ice Cave |   4.3 |   4.4 |   0.0 |   0.0 |   3.7 | 6309.0
       Volcano |   0.6 |   0.6 |   0.0 |   0.0 |   0.3 | 585.0
               +-------+-------+-------+-------+-------+----------------------

Vanquished Creatures
  A fire giant (D:15)
  An orc warlord (Orc:3)
  4 vault guards (D:14)
  A fire dragon (Lair:8)
  The ghost of Chiseanne the Summoner, a powerful DsNe of Gozag (Orc:4)
  The ghost of muravey the Stormcaller, a powerful TeAE of Vehumet (Lair:4)
  11 hydras
  6 centaur warriors
  An ogre mage (Orc:4)
  Erica (Lair:5)
  7 death yaks
  An orc high priest (Orc:3)
  A catoblepas (Lair:8)
  3 unseen horrors
  A deep troll (Orc:4)
  The ghost of Uberwunderbarhen the Covert, an experienced SpEn of Ashenzari (D:9)
  A necromancer (IceCv)
  5 orc knights
  A deep elf summoner (D:11)
  An ice statue (IceCv)
  Pikel (D:5)
  9 hill giants
  A wolf spider zombie (D:15)
  A wizard (D:15)
  An oklob plant (Lair:4)
  3 griffons
  A deep elf conjurer (D:11)
  3 cyclopes
  2 orc sorcerers
  5 ugly things
  A wolf spider (D:15)
  7 black mambas
  4 manticores (Lair:8)
  20 elephants
  2 kobold demonologists (D:15)
  A gargoyle (D:13)
  3 centaur skeletons
  A queen ant (Lair:1)
  11 spiny frogs
  6 fire drakes
  3 komodo dragons
  A wolf spider simulacrum (IceCv)
  3 giant leeches
  2 tengu conjurers (D:14)
  10 trolls
  4 slime creatures (D:14)
  Sonja (D:13)
  10 freezing wraiths (IceCv)
  5 two-headed ogres
  2 polar bears
  A bog body (Swamp:1)
  41 blink frogs
  2 basilisks
  A trapdoor spider (Orc:3)
  A shadow (D:11)
  50 yaks
  4 wraiths
  A spriggan (Lair:6)
  4 vampire mosquitoes (D:15)
  Eustachio (D:4)
  6 hungry ghosts
  A death yak simulacrum (IceCv)
  3 fire bats (Lair:5)
  A vampire (D:15)
  20 wolves
  A warg (Orc:1)
  4 swamp worms
  6 wyverns
  15 hippogriffs
  13 deep elf fighters
  Edmund (D:4)
  9 soldier ants
  4 humans
  7 porcupines
  A hell hound (Lair:8)
  24 water moccasins
  A necrophage (D:11)
  3 black bears
  12 ice beasts
  8 spiders (Lair:5)
  3 eyes of draining
  4 sky beasts
  30 orc warriors
  2 yellow wasps
  2 slaves (D:5)
  6 phantoms
  A boring beetle (Lair:5)
  11 crocodiles
  26 ogres
  11 centaurs
  4 big kobolds
  A brain worm (Lair:7)
  12 giant frogs
  2 troll zombies (D:10)
  6 scorpions
  An elephant simulacrum (IceCv)
  18 killer bees
  7 wights
  3 centaur zombies
  5 crimson imps
  2 quasits
  6 jellies
  3 draconian simulacra (IceCv)
  35 orc wizards
  27 orc priests
  Crazy Yiuf (D:4)
  11 hounds
  10 iguanas
  28 worker ants
  4 troll simulacra (IceCv)
  4 giant frog skeletons
  A polar bear simulacrum (IceCv)
  16 sheep
  6 ogre zombies (D:10)
  4 spriggan simulacra (IceCv)
  4 centaur simulacra (IceCv)
  3 hound skeletons
  34 river rats
  5 gnolls
  23 adders
  5 naga simulacra (IceCv)
  2 giant mites
  24 white imps
  4 worms
  4 shadow imps
  An adder skeleton (D:10)
  An adder zombie (Ossuary)
  9 giant geckos
  4 oozes
  172 orcs
  A bat skeleton (D:7)
  2 bat zombies
  9 giant cockroaches
  A gnoll zombie (D:5)
  26 goblins
  26 hobgoblins
  7 jackals
  36 kobolds
  11 quokkas
  A ball python (D:1)
  A ball python skeleton (Ossuary)
  19 bats
  6 giant newts
  5 giant spores
  3 goblin skeletons (D:10)
  A goblin zombie (D:10)
  4 hobgoblin skeletons
  6 hobgoblin zombies
  A jackal zombie (D:6)
  2 kobold zombies (Ossuary)
  An orc skeleton (D:10)
  16 orc zombies
  A quokka zombie (D:7)
  11 rats
  19 ballistomycetes
  5 fungi
  3 plants
1252 creatures vanquished.

Vanquished Creatures (collateral kills)
  A hydra (Lair:8)
  An ogre mage (Orc:4)
  A deep troll shaman (Lair:8)
  A hill giant (D:11)
  Erolcha (Orc:2)
  An orc knight (Bailey)
  A two-headed ogre (Orc:4)
  2 wolves (Lair:8)
  An orc warrior (Orc:3)
  An ogre (Orc:4)
  An orc priest (Orc:2)
  2 orc wizards (Orc:2)
  6 orcs (Orc:2)
  A hobgoblin (Orc:2)
21 creatures vanquished.

Vanquished Creatures (others)
  A hydra (Swamp:1)
  A deep troll (Orc:4)
  14 trapdoor spiders
  4 redbacks
  2 swamp worms (Swamp:1)
  6 spiders
  A centaur (Volcano)
  A crocodile (Swamp:1)
  A giant mite (Orc:4)
  A gnoll zombie (D:5)
  2 giant spores
  4 fungi
  A plant (Lair:1)
39 creatures vanquished.

Grand Total: 1312 creatures vanquished

Action                   |  1- 3 |  4- 6 |  7- 9 | 10-12 | 13-15 | 16-18 || total
-------------------------+-------+-------+-------+-------+-------+-------++-------
Melee: Unarmed           |   135 |   154 |   340 |   391 |  1019 |   360 ||  2399
       Morningstar       |       |       |       |       |    37 |    18 ||    55
 Cast: Beastly Appendage |     5 |     6 |     2 |     3 |     2 |       ||    18
       Spider Form       |       |     7 |    33 |     7 |       |       ||    47
       Blade Hands       |       |       |    21 |    58 |    87 |     2 ||   168
       Ice Form          |       |       |       |       |    44 |    28 ||    72
       Throw Icicle      |       |       |       |       |    32 |    25 ||    57
       Ozocubu's Armour  |       |       |       |       |    44 |    32 ||    76
       Freezing Cloud    |       |       |       |       |       |     5 ||     5
       Simulacrum        |       |       |       |       |       |     2 ||     2
       Ozocubu's Refrige |       |       |       |       |       |     1 ||     1
Invok: Slouch            |       |       |       |    16 |     4 |     1 ||    21
       Temporal Distorti |       |       |       |       |     6 |       ||     6
       Bend Time         |       |       |       |       |     1 |       ||     1
Evoke: Wand              |       |       |     1 |     6 |    25 |       ||    32
       Sack of spiders   |       |       |       |    14 |     4 |       ||    18
  Use: Scroll            |     2 |     1 |    12 |    13 |    17 |     3 ||    48
       Potion            |     1 |       |     3 |     3 |    10 |    14 ||    31
 Stab: Sleeping          |     3 |     4 |    12 |    11 |    29 |     6 ||    65
       Distracted        |       |       |     1 |     1 |     6 |     1 ||     9
       Confused          |       |       |       |       |     1 |       ||     1
       Invisible         |       |       |       |       |     6 |     6 ||    12
  Eat: Chunk             |     2 |     6 |    17 |    33 |    62 |     8 ||   128
       Beef jerky        |       |       |     1 |     2 |     2 |       ||     5
       Meat ration       |       |       |     1 |       |       |       ||     1
       Fruit             |       |       |       |     3 |       |       ||     3
       Pizza             |       |       |       |     1 |     3 |       ||     4

Vault maps used:
D:1:      dpeg_arrival_pits, corexii_hall_statues_i, minmay_ruptured
D:2:      old_standard_altar, gammafunk_temple_overflow_elements, first_bread,
          corexii_leaking_fountain
D:3:      nrook_mini_backslash, minmay_misc_feat_iff
D:4:      kennysheep_mini_moat, old_standard_altar, nemelex_deck,
          minmay_box_of_dots, uniq_crazy_yiuf_cottage, uniq_edmund,
          uniq_eustachio
D:5:      lemuel_zombie_altar_yredelemnul, nicolae_overflow_crystal_walls,
          uniq_pikel
D:6:      evilmike_ruin_ashenzari, nicolae_overflow_hidden_temple,
          minmay_temple_entry_purple_smoke, minmay_bad_closet,
          dk_yredelemnul_ordeal
D:7:      okawaru_altar_gauntlet_db, enter_ossuary_1
D:8:      lair_0_dummy, grunt_livestock
D:9:      grunt_temple_overflow_champion_of_chaos, serial_shops,
          nicolae_shop_statue_plus, serial_glass, glass_columns_c,
          glass_columns_a
D:10:     zombieorc2_lemuel, serial_shops, nicolae_shop_waterfront
D:11:     enter_bailey_3, elves_outpost_lemuel
D:13:     basic_altar, uniq_sonja
D:14:     grunt_vaults_entry_fortified, onia_ninara_dug_in_and_dangerous
D:15:     grunt_enter_depths_giant_problem, hangedman_abyss_or_decor_lesser_grid
Lair:1:   wad_woods_minihive, portal_ice_cave_entry_imps, zaba_antful_of_joy
Lair:2:   cheibrodos_lair_caveside_slide, patterned_corridor,
          infiniplex_staircase_pool_2
Lair:3:   st_stairs_8, cheibrodos_lair_reptile_den, serial_bayou_shore_b
Lair:4:   minmay_swamp_entry_worms, serial_bayou_pond_d, lemuel_oklob_altar,
          serial_bayou_shore_b, bh_autumn_forest_stairs
Lair:5:   spider_nest_entry_a, nicolae_volcano_entry_batcave,
          grunt_megastairs_4, uniq_erica
Lair:6:   grunt_forest_large_clearings
Lair:8:   grunt_lair_end_beastmaster, nicolae_slime_entry_slimehenge,
          special_room, grunt_megastairs_3, lemuel_fruit_tree
Swamp:1:  serial_swamp_ruin, evilmike_swamp_ruin_house_3,
          evilmike_swamp_ruin_rubble_1, evilmike_swamp_ruin_house_5, uniq_nikola
Orc:1:    david_defended_altar_orc
Orc:2:    uniq_erolcha
Orc:3:    orc_temple, nicolae_orc_pool_cavern
Orc:4:    st_orc_open
Ossuary:  ossuary_due_cavern
Bailey:   bailey_axe_4, bailey
IceCv:    ice_cave_small_necro
Volcano:  volcano_village
